 Dungeon Crawl Stone Soup version 0.19.0-24-gb05acd6 (webtiles) character file.

16 Miant the Grave Robber (level 2, 0/19 HPs)
             Began as a Mummy Necromancer on Nov 21, 2016.
             Slain by a dart slug (1 damage)
             ... on level 1 of the Dungeon.
             The game lasted 00:10:25 (562 turns).

Miant the Grave Robber (Mummy Necromancer)           Turns: 562, Time: 00:10:25

Health: 0/19       AC:  2    Str: 11    XL:     2   Next: 37%
Magic:  5/5        EV: 12    Int: 14    God:
Gold:   19         SH:  0    Dex: 12    Spells: 2 memorised, 3 levels left

rFire  x . .     SeeInvis .     f - -2 dagger (curse)
rCold  + . .     Gourm    .     a - +0 robe
rNeg   + + +     Faith    .     (no shield)
rPois  ∞         Spirit   .     (no helmet)
rElec  .         Reflect  .     (no cloak)
rCorr  .         Harm     .     (no gloves)
MR     .....                    (no boots)
Stlth  ++........               (no amulet)
                                (no ring)
                                (no ring)

@: no status effects
A: no food or potions, fire vulnerability, cold resistance 1, negative energy
resistance 3, torment resistance, unbreathing
a: no special abilities


You were on level 1 of the Dungeon.
You were not hungry.

You visited 1 branch of the dungeon, and saw 1 of its levels.

You collected 19 gold pieces.

Inventory:

Hand Weapons
 d - a +0 short sword
 e - a cursed -2 whip
 f - a cursed -2 dagger (weapon)
Missiles
 g - 3 curare-tipped needles
Armour
 a - a +0 robe (worn)
 c - a +0 robe
Scrolls
 h - a scroll of noise {unknown}
Books
 b - a book of Necromancy

   Spells                             Type                      Level
   a - Pain                           Necromancy                   1
   b - Animate Skeleton               Necromancy                   1
   c - Vampiric Draining              Necromancy                   3
   d - Regeneration                   Charms/Necromancy            3
   e - Animate Dead                   Necromancy                   4
   f - Control Undead                 Necromancy                   4


   Skills:
 + Level 0.1 Short Blades
 + Level 1.6 Dodging
 + Level 1.6 Stealth
 + Level 2.1 Spellcasting
 + Level 4.4 Necromancy


You had 3 spell levels left.
You knew the following spells:

 Your Spells              Type           Power        Failure   Level  Hunger
a - Pain                  Necr           ##..         3%          1    N/A
b - Animate Skeleton      Necr           N/A          3%          1    N/A

Dungeon Overview and Level Annotations

Branches:
Dungeon (1/15)

Altars:
Ashenzari


Innate Abilities, Weirdness & Mutations

You do not eat or drink.
Your flesh is vulnerable to fire.
You are immune to poison.
Your flesh is cold resistant. (rC+)
You are immune to negative energy. (rN+++)
You are immune to unholy pain and torment.
You can survive without breathing.


Message History

The rat bites you. The dart slug misses you. The rat bites you.
The dart slug bites you. The rat closely misses you. The rat barely misses you.
The dart slug completely misses you. The rat closely misses you.
The dart slug bites you.
* * * LOW HITPOINT WARNING * * *
The rat bites you but does no damage. The rat misses you.
The dart slug bites you.
* * * LOW HITPOINT WARNING * * *
The rat twitches its whiskers.
The rat closely misses you. The dart slug misses you. The rat misses you.
The rat barely misses you. The dart slug bites you.
* * * LOW HITPOINT WARNING * * *
The rat barely misses you. The dart slug bites you.
* * * LOW HITPOINT WARNING * * *
The rat barely misses you. The rat bites you but does no damage.
The dart slug bites you.
You die...

.. ......#........!.....
.#.#.#..#.............. .
.?#.#..#............>.
#.#...................†....
....#.#.#...........†......
...........................
........................†..
........................†..
...r...###@#......%.#......
.......###rw.............##
.....w)....................
.....#####..#.#####..####.#
... ###.....# #........ #
#.......# #.....#..
##.#...### .###.....
#####Z....#⌠.# # #..#.. ##
#.........#.... #...Z#


You could see a dart slug and a rat.

Vanquished Creatures
  A leopard gecko (D:1)
  A giant cockroach (D:1)
  2 hobgoblins (D:1)
  A frilled lizard (D:1)
  4 goblins (D:1)
  3 kobolds (D:1)
  3 rats (D:1)
15 creatures vanquished.

Notes
Turn   | Place    | Note
-------+----------+-------------------------------------------
     0 | D:1      | Miant the Mummy Necromancer began the quest for the Orb.
     0 | D:1      | Reached XP level 1. HP: 13/13 MP: 3/3
   102 | D:1      | Learned a level 1 spell: Animate Skeleton
   384 | D:1      | Reached XP level 2. HP: 19/19 MP: 5/5
   518 | D:1      | Found a shattered altar of Ashenzari.
   562 | D:1      | Slain by a dart slug

Action                   || total
-------------------------++-------
Melee: Dagger            ||     7
       Short sword       ||     3
 Cast: Pain              ||    20
       Animate Skeleton  ||     2
 Stab: Sleeping          ||     1
Armor: Robe              ||     6
Dodge: Dodged            ||    28
